 Dungeon Crawl Stone Soup version 0.31-a0-232-gb1c03b2570 (webtiles) character file.

Game seed: 9847028749361145244

64505 qw the Marksgargoyle (level 15, 0/96 HPs)
             Began as a Gargoyle Hexslinger on July 6, 2023.
             Was a High Priest of Okawaru.
             Slain by a death yak (5 damage)
             ... on level 5 of the Lair of Beasts.
             The game lasted 00:04:42 (12081 turns).

qw the Marksgargoyle (Gargoyle Hexslinger)         Turns: 12081, Time: 00:04:42

Health: 0/96       AC: 30    Str: 11    XL:     15   Next: 13%
Magic:  22/22      EV: 23    Int: 16    God:    Okawaru [*****.]
Gold:   688        SH:  0    Dex: 18    Spells: 15/16 levels left

rFire   . . .        a - +12 arbalest "Ygoysh" {heavy, Will+}
rCold   . . .        (shield currently unavailable)
rNeg    + . .        y - +0 troll leather armour
rPois   inf          g - +1 helmet
rElec   +            (no cloak)
rCorr   .            o - +2 pair of gloves
SInv    .            r - +2 pair of boots
Will    ++...        v - amulet of regeneration
Stlth   +++          f - +5 ring of evasion
HPRegen 1.96/turn    n - +4 ring of protection
MPRegen 0.18/turn

%: no passive effects
@: about to teleport, heroic, flying
A: sickness immunity, AC +11, big wings, negative energy resistance 1,
electricity resistance, torment resistance 1, petrification resistance
a: Renounce Religion, Heroism, Finesse, Duel


You were on level 5 of the Lair of Beasts.
You worshipped Okawaru.
Okawaru was extremely pleased with you.
You visited 2 branches of the dungeon, and saw 15 of its levels.

You collected 1931 gold pieces.
You spent 1243 gold pieces at shops.


Innate Abilities, Weirdness & Mutations

You are immune to sickness and miasma.
Your stone body is resilient. (AC +11)
You are immune to poison.
Your large and strong wings let you fly.
You resist negative energy. (rN+)
You are resistant to electric shocks. (rElec)
You are resistant to unholy torment.
You are immune to petrification.


   Skills:
 - Level 12.1(17.1) Fighting
 - Level 18.5(23.5) Ranged Weapons
 - Level 6.1(11.1) Armour
 + Level 6.0(11.0) Dodging
 - Level 1.0 Spellcasting
 - Level 2.6 Hexes
 - Level 10.0 Invocations


You had 15 spell levels left.
You knew the following spells:

 Your Spells              Type           Power      Damage    Failure   Level
a - Slow                  Hex            36%        N/A       10%         1

Your spell library contained the following spells:

 Spells                   Type           Power      Damage    Failure   Level
 Inner Flame              Hex/Fire       5%         N/A       43%         3
 Portal Projectile        Hex/Tloc       10%        N/A       43%         3
 Cause Fear               Hex            4%         N/A       67%         4

Inventory:

Hand Weapons
 a - the +12 arbalest "Ygoysh" (weapon) {heavy, Will+}
   (You acquired it on level 1 of the Dungeon)

   Will:      It increases your willpower.
Armour
 g - a +1 helmet (worn)
 h - the +3 hat of Pondering {ponderous, Will+ MP+10 Int+5}
   (You took it off Gastronok on level 8 of the Dungeon)

   Int:       It affects your intelligence (+5).
   MP:        It affects your magic capacity (+10).
   Will:      It increases your willpower.
 o - a +2 pair of gloves (worn)
 r - a +2 pair of boots (worn)
 y - a +0 troll leather armour (worn)
Jewellery
 b - a ring of fire
 f - a +5 ring of evasion (left hand)
 n - a +4 ring of protection (right hand)
 q - a ring of protection from fire
 v - an amulet of regeneration (around neck)
Scrolls
 d - 4 scrolls of enchant weapon
 j - 2 scrolls of identify
 x - 2 scrolls of teleportation
 Y - 2 scrolls of brand weapon
Potions
 c - 3 potions of enlightenment
 e - a potion of magic
 i - 2 potions of curing
 k - 4 potions of heal wounds
 l - 2 potions of might
 p - 2 potions of mutation
 t - 2 potions of cancellation
 z - a potion of resistance

Dungeon Overview and Level Annotations

Branches:
Dungeon (10/15)            Temple (0/1) D:5            Lair (5/5) D:10
  Swamp (0/4) Lair:2        Snake (0/4) Lair:2        Slime (0/5) Lair:4
    Orc: D:9-12

Altars:
Elyvilon
Gozag
Hepliaklqana
Nemelex Xobeh
Okawaru
Qazlal
Sif Muna
Vehumet
Xom
Yredelemnul
Zin
Jiyva

Shops:
D:10 *=

Annotations:
D:3 3 runed translucent doors, Crazy Yiuf; qw's ghost, amateur MiHs


Message History

The death yak gores you but does no damage.
The death yak misses you.
Your base Armour skill increases to level 6!
You shoot a bolt. The bolt barely misses the death yak.
The bolt completely misses the yak.
The water moccasin misses you. The death yak misses you.
The death yak closely misses you. The water moccasin barely misses you.
You shoot a bolt. The bolt hits the death yak!
The death yak is lightly wounded.
The water moccasin misses you. The yak closely misses you.
The death yak misses you.
The death yak gores you but does no damage.
The water moccasin bites you.
The death yak gores you but does no damage. x2
The death yak closely misses you. The yak completely misses you.
You shoot a bolt. The bolt barely misses the death yak.
The bolt hits the yak!!
The yak is severely wounded.
The water moccasin barely misses you. x2
The death yak gores you but does no damage.
The death yak gores you! The yak gores you but does no damage.
The death yak gores you.
You shoot a bolt. The bolt hits the death yak!!!
The death yak is almost dead.
You hear an angry hiss.
The water moccasin bites you but does no damage.
The yak completely misses you.
The death yak gores you but does no damage.
The death yak gores you! The death yak closely misses you.
The water moccasin barely misses you. The yak gores you!
The death yak gores you but does no damage. x2
12081 ||| READING 3 scrolls of teleportation.
As you read the scroll of teleportation, it crumbles to dust.
You feel strangely unstable.
The water moccasin completely misses you.
The water moccasin bites you! The death yak completely misses you.
The death yak gores you but does no damage.
The yak gores you but does no damage. The elephant completely misses you.
The elephant trunk-slaps you but does no damage.
The death yak gores you.
You die...

P~~# #### ~~~~
~~~~~~~~~..#~~~ ##~~#PP~~~
~~~~P~#~~~ ~.#.. #~~~#P~~~~~
~~~~%#~~##..... ~~~~~~~~
~#~~~#~~~~~..... P.P~~~ ~~~~
~~~~~~.... ##.%## #~D
#~~#~.....
~#y~~#~~#~~~##yY##~~#~..#..
¤YY.~~~~..~...YY@Y[..~~....
¤YYl...........YYS.........
YYY.Y...#..##...Y......#...
#YY.P...# #.......#.#..P.
...Y.D.....................
........[........../.......
P..#.P###.#.#...............#
#......# .#.................
........ .................##


You could see 3 death yaks, an elephant, 3 yaks, a hornet, a steam dragon and a
water moccasin.

Vanquished Creatures
  Rupert (Lair:3)
  Gastronok (D:8)
  Kirke (Lair:5)
  Erolcha (D:10)
  3 hydras
  2 catoblepae
  2 two-headed ogres (D:9)
  A boulder beetle (Lair:3)
  Urug (D:10)
  10 death yaks
  Pikel (D:9)
  Joseph (Lair:1)
  14 elephants
  4 black mambas
  8 cane toads
  A kobold demonologist (D:9)
  3 rime drakes
  7 komodo dragons
  A wind drake (Lair:5)
  2 ice devils (Lair:1)
  3 polar bears
  2 hornets (D:10)
  6 dream sheep (Lair:3)
  4 blink frogs
  Sigmund (D:5)
  A shadow (D:10)
  A wraith (D:9)
  A vampire (D:10)
  3 wyverns
  3 humans (Lair:5)
  24 yaks
  A hog (Lair:5)
  5 basilisks
  2 steam dragons (D:8)
  An acid dragon (D:9)
  3 nagas (Lair:2)
  9 water moccasins
  2 ice beasts (D:7)
  2 orc warriors (D:8)
  3 black bears
  2 ogres
  8 wolves (Lair:2)
  5 centaurs
  3 lemures (D:9)
  A phantom (D:5)
  2 kobold brigands
  22 bullfrogs
  3 scorpions
  8 wights
  9 killer bees
  4 electric eels (Lair:2)
  7 howler monkeys
  2 jellies
  11 orc priests
  A hound (D:6)
  3 iguanas
  2 sleepcaps
  Jessica (D:3)
  Ijyb (D:4)
  12 orc wizards
  12 gnolls
  7 adders
  A shadow imp (D:7)
  2 ufetubi
  A dart slug (D:2)
  41 orcs
  6 ball pythons
  7 bats
  5 endoplasms
  2 giant cockroaches
  7 hobgoblins
  A quokka (D:3)
  4 frilled lizards
  5 goblins
  24 kobolds
  9 rats
383 creatures vanquished.

Vanquished Creatures (others)
  An orc wizard (D:7)
1 creature vanquished.

Grand Total: 384 creatures vanquished

Notes
Turn   | Place    | Note
-------+----------+-------------------------------------------
     0 | D:1      | qw the Gargoyle Hexslinger began the quest for the Orb.
     0 | D:1      | Reached XP level 1. HP: 12/12 MP: 2/2
     0 | D:1      | 0 ||| qw: Version: 0.3-a-46-gb1f654a
     0 | D:1      | 0 ||| qw: Game counter: 2004
     0 | D:1      | 0 ||| qw: Melee chars always use a shield: true
     0 | D:1      | 0 ||| qw: God list: Okawaru
     0 | D:1      | 0 ||| qw: Allow faded altars: false
     0 | D:1      | 0 ||| qw: Do Orc after clearing Dungeon:15 true
     0 | D:1      | 0 ||| qw: Do second Lair branch before Depths: true
     0 | D:1      | 0 ||| qw: Lair rune preference: random
     0 | D:1      | 0 ||| qw: Goals: Normal
     0 | D:1      | 0 ||| PLANNING D:1-11
   320 | D:1      | Reached XP level 2. HP: 15/16 MP: 3/3
   402 | D:1      | Reached skill level 3 in Ranged Weapons
   775 | D:1      | 775 ||| DROPPING scarf of harm.
   776 | D:1      | 776 ||| UPGRADING to +0 pair of boots.
   781 | D:1      | 781 ||| READING scroll labelled WUEBIE ECLOMO.
   782 | D:1      | 782 ||| READING scroll labelled WAUXEUKL ZORIX.
   782 | D:1      | Identified a scroll of acquirement
   782 | D:1      | 782 ||| ACQUIRING +12 arbalest "Ygoysh" {heavy, Will+}
   782 | D:1      | Acquired the +12 arbalest "Ygoysh" {heavy, Will+}
   784 | D:1      | 784 ||| SWAPPING to +12 arbalest "Ygoysh" {heavy, Will+}.
   785 | D:1      | 785 ||| DROPPING +1 sling.
   786 | D:1      | 786 ||| READING 2 scrolls labelled YSERAC UFOASUV.
   787 | D:1      | 787 ||| DROPPING scroll of poison.
   922 | D:2      | Reached XP level 3. HP: 21/21 MP: 4/4
  1558 | D:2      | 1558 ||| UPGRADING to +5 ring of evasion.
  1559 | D:2      | 1559 ||| READING scroll labelled CASEQ FOKHOTYW.
  1637 | D:3      | Reached XP level 4. HP: 25/26 MP: 5/5
  1655 | D:3      | Noticed Jessica
  1656 | D:3      | Killed Jessica
  1657 | D:3      | Reached skill level 4 in Ranged Weapons
  1720 | D:3      | Found a radiant altar of Vehumet.
  1833 | D:3      | Reached XP level 5. HP: 24/30 MP: 6/6
  1834 | D:3      | 1834 ||| FLEEEEING.
  1835 | D:3      | 1835 ||| FLEEEEING.
  1864 | D:3      | Found a shimmering blue altar of Sif Muna.
  2061 | D:3      | Reached skill level 5 in Ranged Weapons
  2155 | D:3      | Found a runed translucent door.
  2156 | D:3      | Noticed Crazy Yiuf
  2258 | D:3      | Found a large runed translucent door.
  2259 | D:3      | Found a large runed translucent door.
  2261 | D:3      | Noticed qw's ghost (amateur MiHs)
  2289 | D:3      | Reached skill level 3 in Fighting
  2340 | D:3      | 2340 ||| UPGRADING to +0 ring mail.
  2350 | D:3      | 2350 ||| DROPPING +0 robe.
  2351 | D:3      | 2351 ||| READING 2 scrolls labelled FIAGUDASUI.
  2352 | D:3      | 2352 ||| DRINKING 2 black potions.
  2353 | D:3      | 2353 ||| DROPPING potion of degeneration.
  2400 | D:4      | Reached skill level 1 in Armour
  2402 | D:4      | 2402 ||| STAIRDANCE
  2408 | D:3      | Reached XP level 6. HP: 30/37 MP: 7/7
  2526 | D:4      | 2526 ||| READING scroll of acquirement.
  2526 | D:4      | 2526 ||| ACQUIRING 875 gold pieces
  2526 | D:4      | Acquired 875 gold pieces
  2571 | D:4      | Found an iron altar of Okawaru.
  2572 | D:4      | 2572 ||| PLANNING OKAWARU WORSHIP
  2581 | D:4      | Became a worshipper of Warmaster Okawaru
  2582 | D:4      | 2582 ||| PLANNING D:1-11
  2648 | D:4      | Found a faded altar of an unknown god.
  2655 | D:4      | Noticed Ijyb
  2659 | D:4      | Killed Ijyb
  2963 | D:4      | 2963 ||| UPGRADING to +1 leather armour of cold resistance.
  2973 | D:4      | 2973 ||| DROPPING +0 ring mail.
  2974 | D:4      | 2974 ||| UPGRADING to ring of protection from cold.
  2975 | D:4      | 2975 ||| READING scroll labelled TOOSIC QUPS.
  2976 | D:4      | 2976 ||| READING scroll labelled NUEXOXI POTEU.
  2991 | D:5      | Entered Level 5 of the Dungeon
  2991 | D:5      | Noticed Sigmund
  2993 | D:5      | Killed Sigmund
  2994 | D:5      | Reached skill level 6 in Ranged Weapons
  2994 | D:5      | Reached XP level 7. HP: 41/41 MP: 8/8
  3007 | D:5      | Reached * piety under Okawaru
  3007 | D:5      | HP: 10/43 [something (3)]
  3008 | D:5      | Reached skill level 7 in Ranged Weapons
  3008 | D:5      | 3008 ||| READING scroll of teleportation.
  3009 | D:5      | 3009 ||| INVOKING Heroism.
  3010 | D:5      | HP: 4/43 [wight/+2 spear (3)]
  3012 | D:5      | 3012 ||| FLEEEEING.
  3017 | D:5      | 3017 ||| STAIRDANCE
  3153 | D:5      | 3153 ||| INVOKING Heroism.
  3160 | D:5      | 3160 ||| STAIRDANCE
  3273 | D:5      | Reached XP level 8. HP: 48/48 MP: 9/9
  3300 | D:5      | Reached skill level 1 in Invocations
  3326 | D:5      | Reached skill level 8 in Ranged Weapons
  3506 | D:5      | 3506 ||| READING scroll of enchant armour.
  3506 | D:5      | 3506 ||| ENCHANTING +0 pair of boots.
  3532 | D:5      | Found a staircase to the Ecumenical Temple.
  3533 | D:5      | 3533 ||| INVOKING Heroism.
  3653 | D:5      | 3653 ||| FLEEEEING.
  3654 | D:5      | 3654 ||| FLEEEEING.
  3655 | D:5      | 3655 ||| FLEEEEING.
  3656 | D:5      | 3656 ||| FLEEEEING.
  3657 | D:5      | 3657 ||| FLEEEEING.
  3658 | D:5      | 3658 ||| FLEEEEING.
  3659 | D:5      | 3659 ||| FLEEEEING.
  3660 | D:5      | 3660 ||| FLEEEEING.
  3661 | D:5      | 3661 ||| FLEEEEING.
  3662 | D:5      | 3662 ||| FLEEEEING.
  3663 | D:5      | 3663 ||| STAIRDANCE
  3695 | D:4      | 3695 ||| READING 2 scrolls of identify.
  3695 | D:4      | 3695 ||| IDENTIFYING white potion
  3696 | D:4      | 3696 ||| DROPPING potion of attraction.
  3799 | D:5      | Found a stormy altar of Qazlal.
  3818 | D:5      | 3818 ||| DROPPING amulet of magic regeneration.
  4053 | D:6      | 4053 ||| INVOKING Heroism.
  4148 | D:6      | 4148 ||| INVOKING Heroism.
  4150 | D:6      | Reached skill level 3 in Invocations
  4801 | D:6      | 4801 ||| UPGRADING to +1 pair of gloves.
  4806 | D:6      | 4806 ||| UPGRADING to +2 pair of boots.
  4816 | D:6      | 4816 ||| DROPPING +1 pair of boots.
  4817 | D:6      | 4817 ||| UPGRADING to amulet of the acrobat.
  4822 | D:6      | 4822 ||| UPGRADING to ring of protection from fire.
  4824 | D:6      | 4824 ||| READING 2 scrolls labelled GUAGIE COTEWK.
  4825 | D:6      | 4825 ||| DRINKING 3 bubbling blue potions.
  4826 | D:6      | 4826 ||| DRINKING 2 yellow potions.
  4827 | D:6      | 4827 ||| READING 4 scrolls of identify.
  4827 | D:6      | 4827 ||| IDENTIFYING smoky dark potion
  4828 | D:6      | 4828 ||| READING 3 scrolls of identify.
  4828 | D:6      | 4828 ||| IDENTIFYING sapphire potion
  4829 | D:6      | 4829 ||| READING 2 scrolls of identify.
  4829 | D:6      | 4829 ||| IDENTIFYING glowing grey potion
  4830 | D:6      | 4830 ||| DROPPING potion of invisibility.
  4831 | D:6      | 4831 ||| DROPPING potion of brilliance.
  4832 | D:6      | 4832 ||| DROPPING potion of berserk rage.
  4833 | D:6      | 4833 ||| DROPPING scroll of vulnerability.
  4869 | D:7      | Found Zin's Purification Station.
  4869 | D:7      | Found a glowing silver altar of Zin.
  4877 | D:7      | 4877 ||| BUYING potion of curing (90 gold).
  4877 | D:7      | Bought a potion of curing for 90 gold pieces
  4877 | D:7      | Noticed a wyvern
  4880 | D:7      | 4880 ||| INVOKING Heroism.
  4883 | D:7      | Killed a wyvern
  4992 | D:7      | Reached skill level 9 in Ranged Weapons
  5120 | D:7      | 5120 ||| INVOKING Heroism.
  5122 | D:7      | Reached XP level 9. HP: 28/55 MP: 9/12
  5122 | D:7      | 5122 ||| Stepping ~*~*~tactically~*~*~ (outnumbered).
  5124 | D:7      | Reached skill level 6 in Fighting
  5217 | D:7      | 5217 ||| INVOKING Heroism.
  5452 | D:7      | 5452 ||| INVOKING Heroism.
  5454 | D:7      | Reached skill level 10 in Ranged Weapons
  5569 | D:7      | 5569 ||| Stepping ~*~*~tactically~*~*~ (outnumbered).
  5951 | D:7      | 5951 ||| READING scroll labelled KEARGH BAMA.
  5952 | D:7      | 5952 ||| READING 3 scrolls of identify.
  5952 | D:7      | 5952 ||| IDENTIFYING murky cyan potion
  5953 | D:7      | 5953 ||| READING 2 scrolls of identify.
  5953 | D:7      | 5953 ||| IDENTIFYING fuming inky potion
  5954 | D:7      | 5954 ||| DROPPING potion of lignification.
  6079 | D:8      | 6079 ||| Stepping ~*~*~tactically~*~*~ (outnumbered).
  6081 | D:8      | 6081 ||| Stepping ~*~*~tactically~*~*~ (outnumbered).
  6083 | D:8      | 6083 ||| Stepping ~*~*~tactically~*~*~ (outnumbered).
  6084 | D:8      | 6084 ||| INVOKING Heroism.
  6089 | D:8      | Reached skill level 3 in Dodging
  6137 | D:8      | 6137 ||| INVOKING Heroism.
  6138 | D:8      | 6138 ||| Stepping ~*~*~tactically~*~*~ (outnumbered).
  6207 | D:8      | Noticed Gastronok
  6208 | D:8      | 6208 ||| INVOKING Heroism.
  6213 | D:8      | Killed Gastronok
  6213 | D:8      | Reached ** piety under Okawaru
  6214 | D:8      | Reached skill level 11 in Ranged Weapons
  6214 | D:8      | Reached XP level 10. HP: 63/63 MP: 11/13
  6260 | D:8      | 6260 ||| Stepping ~*~*~tactically~*~*~ (outnumbered).
  6262 | D:8      | 6262 ||| Stepping ~*~*~tactically~*~*~ (outnumbered).
  6265 | D:8      | 6265 ||| INVOKING Heroism.
  6296 | D:8      | Found a flagged portal.
  6536 | D:8      | 6536 ||| INVOKING Heroism.
  6656 | D:8      | 6656 ||| READING 2 scrolls labelled UDIZOI LOUCY.
  6657 | D:8      | 6657 ||| READING 2 scrolls of identify.
  6657 | D:8      | 6657 ||| IDENTIFYING fuming golden potion
  6658 | D:8      | 6658 ||| DROPPING scroll of blinking.
  6721 | D:9      | 6721 ||| INVOKING Heroism.
  6795 | D:9      | Noticed a kobold demonologist
  6797 | D:9      | 6797 ||| INVOKING Heroism.
  6799 | D:9      | Killed a kobold demonologist
  6800 | D:9      | Reached skill level 12 in Ranged Weapons
  6897 | D:9      | Noticed a two-headed ogre
  6898 | D:9      | 6898 ||| INVOKING Heroism.
  6901 | D:9      | Killed a two-headed ogre
  6929 | D:9      | Noticed Pikel
  6937 | D:9      | Killed Pikel
  6984 | D:9      | Reached skill level 13 in Ranged Weapons
  6988 | D:9      | 6988 ||| INVOKING Heroism.
  6991 | D:9      | Reached *** piety under Okawaru
  6997 | D:9      | Reached skill level 9 in Fighting
  6997 | D:9      | Reached XP level 11. HP: 49/71 MP: 12/14
  7069 | D:9      | Noticed a two-headed ogre
  7070 | D:9      | 7070 ||| INVOKING Heroism.
  7072 | D:9      | Killed a two-headed ogre
  7106 | D:9      | Found a shimmering altar of Xom.
  7118 | D:9      | 7118 ||| Stepping ~*~*~tactically~*~*~ (outnumbered).
  7121 | D:9      | 7121 ||| Stepping ~*~*~tactically~*~*~ (outnumbered).
  7231 | D:9      | Found a sparkling altar of Nemelex Xobeh.
  7303 | D:9      | Found an opulent altar of Gozag.
  7608 | D:9      | Reached skill level 3 in Armour
  7740 | D:9      | Found a hazy altar of Hepliaklqana.
  7834 | D:9      | 7834 ||| UPGRADING to +1 helmet.
  7839 | D:9      | 7839 ||| READING 2 scrolls labelled LIUCHA VAUXZY.
  7887 | D:9      | 7887 ||| DROPPING scroll of torment.
  7890 | D:10     | Entered Level 10 of the Dungeon
  7892 | D:10     | 7892 ||| STAIRDANCE
  7976 | D:10     | Found a staircase to the Lair.
  7991 | D:10     | 7991 ||| DRINKING 2 green potions.
  8009 | D:10     | Noticed Erolcha
  8010 | D:10     | 8010 ||| INVOKING Heroism.
  8017 | D:10     | HP: 6/71 [something (29)]
  8018 | D:10     | 8018 ||| DRINKING 3 potions of heal wounds.
  8019 | D:10     | 8019 ||| INVOKING Heroism.
  8022 | D:10     | HP: 14/71 [something (20)]
  8023 | D:10     | 8023 ||| DRINKING 2 potions of heal wounds.
  8039 | D:10     | HP: 11/71 [something (17)]
  8043 | D:10     | Killed Erolcha
  8140 | D:10     | 8140 ||| INVOKING Heroism.
  8145 | D:10     | Reached skill level 14 in Ranged Weapons
  8269 | D:10     | Found Idou's Jewellery Boutique.
  8272 | D:10     | 8272 ||| BUYING +4 ring of protection (468 gold).
  8272 | D:10     | Bought a +4 ring of protection for 468 gold pieces
  8272 | D:10     | 8272 ||| BUYING amulet of Uvokeih {Spirit Harm rCorr
                  | Stlth+} (590 gold).
  8272 | D:10     | Bought the amulet of Uvokeih {Spirit Harm rCorr Stlth+} for
                  | 590 gold pieces
  8272 | D:10     | 8272 ||| SHOPLISTING amulet of faith (520 gold, have 281).
  8391 | D:10     | Found a basalt altar of Yredelemnul.
  8451 | D:10     | Noticed Urug
  8452 | D:10     | 8452 ||| INVOKING Heroism.
  8455 | D:10     | Killed Urug
  8455 | D:10     | Reached **** piety under Okawaru
  8596 | D:10     | Found a white marble altar of Elyvilon.
  8697 | D:10     | Found Bevuenal's Assorted Antiques.
  8700 | D:10     | 8700 ||| BUYING emerald potion (29 gold).
  8700 | D:10     | Bought an emerald potion for 29 gold pieces
  8700 | D:10     | 8700 ||| BUYING scroll of identify (66 gold).
  8700 | D:10     | Bought a scroll of identify for 66 gold pieces
  8802 | D:10     | 8802 ||| PLANNING LAIR
  8802 | D:10     | 8802 ||| UPGRADING to +0 troll leather armour.
  8812 | D:10     | 8812 ||| DROPPING +1 leather armour of cold resistance.
  8817 | D:10     | 8817 ||| DROPPING amulet of Uvokeih {Spirit Harm rCorr
                  | Stlth+}.
  8818 | D:10     | 8818 ||| UPGRADING to amulet of regeneration.
  8828 | D:10     | 8828 ||| DROPPING amulet of the acrobat.
  8829 | D:10     | 8829 ||| DROPPING ring of protection from cold.
  8830 | D:10     | 8830 ||| UPGRADING to +4 ring of protection.
  8832 | D:10     | 8832 ||| READING 2 scrolls of identify.
  8832 | D:10     | 8832 ||| IDENTIFYING ruby potion
  8855 | Lair:1   | Entered Level 1 of the Lair of Beasts
  8889 | Lair:1   | 8889 ||| INVOKING Heroism.
  8929 | Lair:1   | 8929 ||| INVOKING Heroism.
  8962 | Lair:1   | 8962 ||| INVOKING Heroism.
  8966 | Lair:1   | Reached skill level 6 in Invocations
  8966 | Lair:1   | Reached XP level 12. HP: 77/77 MP: 13/16
  8990 | Lair:1   | Noticed Joseph
  9002 | Lair:1   | Killed Joseph
  9073 | Lair:1   | Reached ***** piety under Okawaru
  9140 | Lair:1   | Found a frozen archway.
  9144 | Lair:1   | 9144 ||| INVOKING Heroism.
  9195 | Lair:1   | 9195 ||| INVOKING Heroism.
  9229 | Lair:1   | Noticed a death yak
  9230 | Lair:1   | 9230 ||| INVOKING Heroism.
  9231 | Lair:1   | 9231 ||| INVOKING Finesse.
  9231 | Lair:1   | Noticed a death yak
  9231 | Lair:1   | Noticed a death yak
  9233 | Lair:1   | Killed a death yak
  9237 | Lair:1   | Killed a death yak
  9238 | Lair:1   | Reached skill level 15 in Ranged Weapons
  9241 | Lair:1   | Killed a death yak
  9539 | Lair:1   | 9539 ||| DRINKING 2 gluggy clear potions.
  9540 | Lair:1   | 9540 ||| DRINKING 4 potions of curing.
  9540 | Lair:1   | 9540 ||| (to cure confusion)
  9541 | Lair:1   | 9541 ||| READING 2 scrolls of identify.
  9541 | Lair:1   | 9541 ||| IDENTIFYING pink potion
  9542 | Lair:1   | 9542 ||| DROPPING potion of ambrosia.
  9596 | Lair:2   | 9596 ||| INVOKING Heroism.
  9604 | Lair:2   | Reached skill level 9 in Invocations
  9653 | Lair:2   | Identified the +0 ring mail of Harchiski {rN+ Str+4}
  9698 | Lair:2   | 9698 ||| FLEEEEING.
  9699 | Lair:2   | 9699 ||| FLEEEEING.
  9700 | Lair:2   | 9700 ||| FLEEEEING.
  9701 | Lair:2   | 9701 ||| FLEEEEING.
  9702 | Lair:2   | 9702 ||| FLEEEEING.
  9703 | Lair:2   | 9703 ||| FLEEEEING.
  9708 | Lair:2   | Received a gift from Okawaru
  9721 | Lair:2   | 9721 ||| DROPPING +0 arbalest of freezing.
  9727 | Lair:2   | Found a staircase to the Snake Pit.
  9731 | Lair:2   | 9731 ||| INVOKING Heroism.
  9768 | Lair:2   | Noticed a catoblepas
  9769 | Lair:2   | 9769 ||| INVOKING Heroism.
  9770 | Lair:2   | 9770 ||| INVOKING Finesse.
  9774 | Lair:2   | Killed a catoblepas
  9775 | Lair:2   | Reached XP level 13. HP: 82/82 MP: 12/20
  9962 | Lair:2   | 9962 ||| INVOKING Heroism.
  9965 | Lair:2   | Reached skill level 16 in Ranged Weapons
 10210 | Lair:2   | Found a staircase to the Swamp.
 10308 | Lair:2   | 10308 ||| DROPPING +0 ring mail of Harchiski {rN+ Str+4}.
 10309 | Lair:2   | 10309 ||| READING 3 scrolls labelled LOYBBUCH ANOGU.
 10310 | Lair:2   | 10310 ||| READING 3 scrolls of identify.
 10310 | Lair:2   | 10310 ||| IDENTIFYING emerald potion
 10359 | Lair:3   | 10359 ||| INVOKING Heroism.
 10364 | Lair:3   | Received a gift from Okawaru
 10412 | Lair:3   | 10412 ||| INVOKING Heroism.
 10443 | Lair:3   | Noticed Rupert
 10444 | Lair:3   | 10444 ||| INVOKING Finesse.
 10447 | Lair:3   | 10447 ||| DRINKING 3 potions of curing.
 10447 | Lair:3   | 10447 ||| (to cure confusion)
 10450 | Lair:3   | Killed Rupert
 10504 | Lair:3   | 10504 ||| INVOKING Heroism.
 10505 | Lair:3   | 10505 ||| INVOKING Finesse.
 10565 | Lair:3   | You fall into a shaft and drop 1 floor!
 10612 | Lair:3   | 10612 ||| READING scroll of enchant armour.
 10612 | Lair:3   | 10612 ||| ENCHANTING +1 pair of gloves.
 10681 | Lair:3   | 10681 ||| INVOKING Heroism.
 11152 | Lair:4   | 11152 ||| INVOKING Heroism.
 11154 | Lair:4   | Reached skill level 17 in Ranged Weapons
 11343 | Lair:4   | 11343 ||| INVOKING Heroism.
 11457 | Lair:4   | Found a viscous altar of Jiyva.
 11458 | Lair:4   | Found a staircase to the Slime Pits.
 11855 | Lair:4   | 11855 ||| DROPPING amulet of guardian spirit.
 11856 | Lair:4   | 11856 ||| READING 3 scrolls of identify.
 11856 | Lair:4   | 11856 ||| IDENTIFYING bubbling white potion
 11857 | Lair:4   | 11857 ||| DRINKING potion of experience.
 11857 | Lair:4   | Reached skill level 18 in Ranged Weapons
 11857 | Lair:4   | Gained mutation: Your large and strong wings let you fly.
                  | [Gargoyle growth]
 11857 | Lair:4   | Reached XP level 14. HP: 90/90 MP: 21/21
 11863 | Lair:5   | Entered Level 5 of the Lair of Beasts
 11925 | Lair:5   | Noticed Kirke
 11926 | Lair:5   | 11926 ||| INVOKING Heroism.
 11933 | Lair:5   | Killed Kirke
 11968 | Lair:5   | 11968 ||| INVOKING Heroism.
 11978 | Lair:5   | Reached skill level 12 in Fighting
 11979 | Lair:5   | HP: 11/92 [catoblepas (20)]
 11980 | Lair:5   | 11980 ||| READING 4 scrolls of teleportation.
 11981 | Lair:5   | 11981 ||| DRINKING 5 potions of heal wounds.
 12053 | Lair:5   | 12053 ||| INVOKING Heroism.
 12058 | Lair:5   | Reached XP level 15. HP: 96/96 MP: 20/22
 12072 | Lair:5   | Reached skill level 6 in Dodging
 12077 | Lair:5   | Reached skill level 6 in Armour
 12080 | Lair:5   | HP: 21/96 [death yak (17)]
 12080 | Lair:5   | HP: 10/96 [yak (11)]
 12081 | Lair:5   | 12081 ||| READING 3 scrolls of teleportation.
 12081 | Lair:5   | Slain by a death yak

Levels and vault maps discovered:
D:1:      dpeg_arrival_round_b, layout_basic, minmay_misc_feat_iff,
          st_stairs_14, skrybe_limestone_x, minmay_pentomino_u2
D:2:      layout_basic
D:3:      layout_basic, mainiacjoe_overflow_concentric_impassable,
          vehumet_altar_wand_db, ebering_ghost_disaster_area,
          uniq_crazy_yiuf_cottage, uniq_jessica
D:4:      layout_cave_pools, okawaru_gym_becter, serial_column_ruins,
          column_ruins_temple_circle, column_ruins_open_tiny,
          column_ruins_grid_4, column_ruins_open_tiny_water,
          column_ruins_columns_straight, nicolae_elevator_lobby_asterisk,
          uniq_ijyb
D:5:      layout_rooms, marbit_many_paths, minmay_temple_entry_proselytizer,
          uniq_sigmund
D:6:      layout_layer_cave, minmay_pentangle
D:7:      layout_basic, zin_purify
D:8:      layout_basic, enter_bailey_4, uniq_gastronok
D:9:      layout_basic, mainiacjoe_overflow_paths, grunt_gozag_breadcrumbs,
          nemelex_diamond_rough_becter, nicolae_hepliaklqana_hippocampus,
          uniq_pikel
D:10:     layout_irregular_city, general_overflow_altar,
          mainiacjoe_overflow_alcove_1, due_lair_maze_entry_diamond,
          serial_shops, kennysheep_mini_moat, nicolae_shop_tiny_real_fake_doors,
          corexii_leaking_fountain, hangedman_decor_peaks_small, uniq_erolcha,
          uniq_urug
Lair:1:   layout_roguey, portal_ice_cave_demonic_guard, lemuel_fruit_fields,
          uniq_joseph
Lair:2:   layout_hall_layers, minmay_swamp_entry_eels,
          minmay_snake_entry_guardpost_small, chequers_serial_rivers_micro_a,
          guppyfry_lair_drakes, lemuel_fruit_tree, lemuel_fruit_fields,
          infiniplex_staircase_pool_2
Lair:3:   layout_regular_city, nzn_sisyphean_effort, uniq_rupert
Lair:4:   layout_regular_city, slime_entry_1, infiniplex_staircase_pool
Lair:5:   gammafunk_lair_ancient_temple, layout_long_grid, serial_bayou_shore_b,
          uniq_kirke

Skill      XL: |  1  2  3  4  5  6  7  8  9 10 11 12 13 14 15 |
---------------+----------------------------------------------+-----
Ranged Weapons | 3 4 5 6 7 9 11 13 14 15 18 | 18.5
Fighting       | 2 3 4 5 7 9 10 11 12 | 12.1
Armour         | 1 2 4 5 6 |  6.1
Invocations    | 4 6 10 | 10.0
Dodging        | 2 3 4 5 6 |  6.0
Spellcasting   | |  1.0
Hexes          | |  2.6

Action                     |  1- 3 |  4- 6 |  7- 9 | 10-12 | 13-15 || total
---------------------------+-------+-------+-------+-------+-------++-------
   Fire: Sling             |    51 |       |       |       |       ||    51
         Arbalest          |    21 |    62 |   150 |   310 |   218 ||   761
 Invoke: Heroism           |       |       |    12 |    20 |    10 ||    42
         Finesse           |       |       |       |     2 |     2 ||     4
    Use: Scroll            |     4 |     4 |    10 |     5 |     6 ||    29
         Potion            |       |     1 |     2 |     5 |     3 ||    11
 Armour: Robe              |     3 |     3 |       |       |       ||     6
         Ring mail         |       |    12 |       |       |       ||    12
         Leather armour    |       |       |    40 |    90 |       ||   130
         Troll leather arm |       |       |       |    34 |   118 ||   152
  Dodge: Dodged            |    21 |    44 |   111 |   345 |   236 ||   757

Table legend:
 A = Non-vault XP
 B = Vault XP
 C = Vault XP percentage of total XP
 D = Non-vault monster count
 E = Vault monster count
 F = Vault count percentage of total count
                 A         B        C        D         E       F
            +---------+---------+-------+---------+---------+-------
      Total |   46887 |   14787 |  24.0 |     326 |      52 |  13.8
            +---------+---------+-------+---------+---------+-------
        D:1 |      20 |       5 |  20.0 |      16 |       3 |  15.8
        D:2 |      47 |       0 |   0.0 |      15 |       0 |   0.0
        D:3 |     161 |      38 |  19.1 |      27 |       2 |   6.9
        D:4 |     215 |      36 |  14.3 |      14 |       1 |   6.7
        D:5 |     734 |     277 |  27.4 |      26 |       3 |  10.3
        D:6 |     292 |     155 |  34.7 |       5 |       3 |  37.5
        D:7 |    1272 |       0 |   0.0 |      30 |       0 |   0.0
        D:8 |    1223 |    1580 |  56.4 |      25 |       6 |  19.4
        D:9 |    4299 |     607 |  12.4 |      34 |       1 |   2.9
       D:10 |    2860 |    2534 |  47.0 |      24 |      10 |  29.4
     Lair:1 |    9131 |    1130 |  11.0 |      25 |       3 |  10.7
     Lair:2 |    7288 |    2267 |  23.7 |      32 |      11 |  25.6
     Lair:3 |    4688 |    2642 |  36.0 |      22 |       2 |   8.3
     Lair:4 |    6687 |       0 |   0.0 |      18 |       0 |   0.0
     Lair:5 |    7970 |    3516 |  30.6 |      13 |       7 |  35.0
            +---------+---------+-------+---------+---------+-------
